 Dungeon Crawl Stone Soup version 0.23.1 (webtiles) character file.

Game seed: 11286463428261924271

35 Luthien the Magician (level 3, 0/19 HPs)
             Began as a Deep Elf Wizard on Mar 9, 2019.
             Slain by an iguana (9 damage)
             ... on level 2 of the Dungeon.
             The game lasted 00:06:10 (1176 turns).

Luthien the Magician (Deep Elf Wizard)              Turns: 1176, Time: 00:06:10

Health: 0/19       AC:  2    Str:  4    XL:     3   Next: 16%
Magic:  0/10       EV: 13    Int: 22    God:
Gold:   86         SH:  0    Dex: 14    Spells: 3/10 levels left

rFire    . . .     SeeInvis .   h - +0 dagger
rCold    . . .     Gourm    .   (no shield)
rNeg     . . .     Faith    .   a - +0 robe
rPois    .         Spirit   +   b - +0 hat
rElec    .         Reflect  .   (no cloak)
rCorr    .         Harm     .   (no gloves)
MR       .....                  (no boots)
Stlth    ++........             l - amulet of guardian spirit
HPRegen  0.06/turn              (no ring)
MPRegen  0.12/turn              (no ring)

@: no status effects
A: no striking features
a: no special abilities


You were on level 2 of the Dungeon.
You were not hungry.

You visited 1 branch of the dungeon, and saw 2 of its levels.

You collected 86 gold pieces.

Inventory:

Hand Weapons
 h - a +0 dagger (weapon)
Missiles
 g - 34 stones (quivered)
Armour
 a - a +0 robe (worn)
 b - a +0 hat (worn)
Jewellery
 l - an amulet of guardian spirit (around neck)
Wands
 n - a wand of digging (5)
Scrolls
 e - 3 scrolls of identify {unknown}
 f - 2 scrolls of magic mapping {unknown}
 i - a scroll of fog {unknown}
Potions
 c - 2 potions of heal wounds {unknown}
 j - a potion of flight {unknown}
 k - a potion of agility {unknown}
Comestibles
 d - 4 rations
 m - 6 chunks of flesh


   Skills:
 - Level 2.4 Dodging
 - Level 2.4 Stealth
 - Level 4.4 Spellcasting
 + Level 3.5 Conjurations
 - Level 1.1 Summonings
 - Level 1.1 Translocations


You had 3 spell levels left.
You knew the following spells:

 Your Spells              Type           Power        Failure   Level  Hunger
a - Magic Dart            Conj           ###.         2%          1    None
b - Blink                 Tloc           N/A          11%         2    #......
c - Call Imp              Summ           #.......     11%         2    #......
d - Slow                  Hex            #.......     16%         2    #......

Your spell library contained the following spells:

 Spells                   Type           Power        Failure   Level  Hunger
 Conjure Flame            Conj/Fire      ##......     16%         3    ##.....
 Mephitic Cloud           Conj/Pois/Air  #.......     21%         3    ##.....


Dungeon Overview and Level Annotations

Branches:
Dungeon (2/15)

Altars:


Message History

The magic dart hits the iguana.
The iguana is heavily wounded.
The iguana bites you!
Casting: Magic Dart (safe; 2% risk of failure)
Confirm with . or Enter, or press ? or * to list all spells.
Aiming: Magic Dart (safe; 2% risk of failure)
Press: ? - help, Shift-Dir - straight line, f/p - iguana
Aim: an iguana (heavily wounded)
The magic dart hits the iguana.
The iguana is severely wounded.
The iguana misses you.
Casting: Magic Dart (safe; 2% risk of failure)
Confirm with . or Enter, or press ? or * to list all spells.
Aiming: Magic Dart (safe; 2% risk of failure)
Press: ? - help, Shift-Dir - straight line, f/p - iguana
Aim: an iguana (severely wounded)
The magic dart hits the iguana but does no damage.
The iguana is severely wounded.
The iguana bites you!
You die...

#.# #### #.# #.<. . #.#
#.## ###? ..# #.# ...# #.#
#.# ... #.# #.## #..#.#
#.). ## #..#@## #### #.
#..l..########
#.#######......!..#
#.###....#.....######.#
#........#..#.## #.#
######.#.#.##.# #.#
#.#...##.# #####.#
##.######.###.....########
#..# #.........#.......


You could see an iguana.

Vanquished Creatures
  2 leopard geckos
  A giant cockroach (D:1)
  6 hobgoblins
  A quokka (D:2)
  6 bats
  2 frilled lizards (D:1)
  A goblin (D:2)
  6 kobolds (D:1)
  6 rats (D:1)
31 creatures vanquished.

Notes
Turn   | Place    | Note
-------+----------+-------------------------------------------
     0 | D:1      | Luthien the Deep Elf Wizard began the quest for the Orb.
     0 | D:1      | Reached XP level 1. HP: 10/10 MP: 7/7
   204 | D:1      | Reached XP level 2. HP: 15/15 MP: 6/9
   208 | D:1      | Learned a level 2 spell: Blink
   211 | D:1      | Learned a level 2 spell: Slow
   221 | D:1      | Learned a level 2 spell: Call Imp
   975 | D:2      | Reached XP level 3. HP: 19/19 MP: 6/10
  1176 | D:2      | Slain by an iguana

Skill      XL: |  1  2 |
---------------+-------+-----
Conjurations   | 2 3 |  3.5
Dodging        | |  2.4
Stealth        | |  2.4
Spellcasting   | |  4.4
Summonings     | |  1.1
Translocations | |  1.1

Action                   || total
-------------------------++-------
 Cast: Magic Dart        ||    72
  Eat: Chunk             ||     1
Armor: Robe              ||     1
Dodge: Dodged            ||     6
